Map: Ascension vers Aïur EC

Players

Minatoeh (Minato)

  • Race: Zerg Zerg
  • League: Master
  • Spawn Location: 11:00

Naffy - Winner!

  • Race: Terran Terran
  • League: Grandmaster
  • Spawn Location: 5:00

VOD

Have the link to the VOD?

Description

Time

  • Played on: May 21, 2017, 4:07 a.m.
  • Length: 27:25
Show
View Real Time Build Order
Export as new Build Order

Minatoeh Zerg 

Build Orders: Hatch First, Swarm Host 

Get SALT Encoding   

  12  0:00  Drone  
  13  0:12  Overlord  
  13  0:19  Drone  
  14  0:31  Drone  
  14  0:32  Drone  
  14  0:34  Drone  
  17  0:52  Hatchery  
  17  0:56  Drone  
  17  0:58  Drone  
  18  1:10  Extractor  
  17  1:13  Spawning Pool  
  17  1:17  Drone  
  17  1:21  Drone  
  18  1:28  Drone  
  19  1:39  Overlord  
  19  1:57  Overlord  
  19  2:00  Queen  
  19  2:01  Zergling x2  
  22  2:03  Queen  
  22  2:04  Zergling x2  
  25  2:13  Metabolic Boost  
  25  2:18  Drone x2  
  25  2:22  Drone  
  28  2:29  Drone  
  29  2:36  Drone x2  
  31  2:40  Queen  
  32  2:46  Queen  
  32  2:50  Overlord  
  34  2:52  Drone  
  34  2:57  Drone x2  
  37  3:08  Drone x2  
  39  3:18  Drone x3  
  39  3:19  Drone x4  
  46  3:25  Overlord  
  46  3:32  Hatchery  
  45  3:41  Queen x2  
  45  3:46  Drone x2  
  45  3:47  Extractor x2  
  49  3:51  Drone x2  
  49  3:52  Drone  
  52  3:56  Drone x2  
  52  3:59  Drone x2  
  52  4:00  Drone  
  52  4:01  Drone  
  58  4:07  Evolution Chamber  
  58  4:08  Evolution Chamber  
  56  4:21  Zergling x6  
  56  4:23  Overlord x2  
  56  4:24  Overlord  
  59  4:34  Zerg Melee Weapons Level 1, Zerg Ground Armor Level 1  
  59  4:41  Queen x2  
  59  4:43  Zergling x2  
  59  4:44  Zergling x2  
  65  4:49  Queen  
  67  4:54  Zergling x6  
  67  4:55  Zergling x2  
  69  5:03  Drone  
  69  5:05  Zergling x6  
  69  5:06  Zergling x2  
  73  5:09  Zergling x2  
  73  5:13  Zergling x2  
  71  5:15  Drone x3  
  71  5:18  Drone  
  71  5:19  Drone  
  75  5:22  Drone x2  
  75  5:26  Drone x2  
  75  5:27  Drone  
  80  5:31  Drone x2  
  76  5:39  Drone x2  
  76  5:40  Drone x2  
  80  5:49  Drone x3  
  81  5:51  Lair  
  81  5:56  Zergling x2  
  82  5:57  Zergling x2  
  82  5:58  Baneling Nest  
  82  6:02  Zergling x8  
  86  6:05  Zergling x2  
  86  6:06  Spore Crawler  
  84  6:24  Drone x2  
  84  6:25  Drone x2  
  87  6:26  Drone, Overlord x2, Extractor  
  87  6:27  Overlord x2  
  87  6:28  Drone x2  
  87  6:30  Extractor x2  
  88  6:35  Overlord x2  
  88  6:51  Hatchery  
  88  6:53  Hydralisk Den  
  86  6:55  Zerg Ground Armor Level 2, Zerg Melee Weapons Level 2  
  86  6:57  Baneling x5  
  86  6:58  Baneling  
  86  7:00  Centrifical Hooks  
  86  7:04  Drone  
  86  7:05  Drone x2  
  89  7:09  Drone x3  
  89  7:10  Drone x2  
  89  7:12  Drone  
  94  7:20  Drone x3  
  97  7:29  Muscular Augments  
  97  7:34  Drone x11  
  97  7:35  Drone  
  109  7:43  Overlord x2  
  109  7:51  Hydralisk x5  
  109  7:54  Hydralisk  
  120  8:03  Hydralisk x3  
  120  8:04  Hydralisk x2  
  130  8:09  Hydralisk x2  
  134  8:13  Pneumatized Carapace  
  134  8:14  Overseer  
  134  8:17  Hydralisk  
  134  8:18  Spore Crawler  
  134  8:19  Spore Crawler  
  134  8:21  Spore Crawler  
  134  8:23  Spore Crawler, Overseer  
  134  8:24  Overseer  
  134  8:26  Drone x3  
  134  8:27  Drone x2  
  137  8:28  Drone  
  138  8:42  Lurker Den  
  138  8:44  Drone x2, Infestation Pit  
  138  8:45  Drone x11  
  138  8:47  Extractor x2  
  138  8:48  Queen  
  148  8:52  Spore Crawler  
  148  8:54  Spore Crawler  
  144  8:56  Spore Crawler  
  144  8:59  Overlord x3  
  144  9:00  Overlord  
  141  9:15  Spine Crawler  
  141  9:16  Spine Crawler  
  141  9:17  Spine Crawler  
  137  9:23  Zerg Missile Weapons Level 1  
  137  9:24  Swarm Host  
  137  9:25  Swarm Host x9  
  137  9:27  Swarm Host  
  137  9:29  Swarm Host  
  173  9:31  Baneling  
  173  9:32  Baneling x2  
  173  9:42  Overlord x2  
  173  9:44  Swarm Host x5  
  173  9:45  Swarm Host  
  191  9:57  Hive  
  191  10:02  Spire  
  190  10:08  Zergling x18  
  199  10:40  Hatchery  
  198  10:50  Hatchery  
  198  10:55  Hatchery  
  197  11:14  Greater Spire  
  195  11:37  Baneling  
  195  11:38  Baneling x12  
  195  11:40  Zerg Melee Weapons Level 3, Zerg Ground Armor Level 3  
  195  11:44  Ultralisk Cavern  
  193  11:58  Corruptor x2  
  193  11:59  Corruptor x2  
  188  12:25  Extractor  
  188  12:29  Extractor  
  154  12:41  Chitinous Plating  
  154  12:42  Ultralisk x2  
  154  12:43  Ultralisk x5, Zergling x8  
  200  13:06  Extractor  
  200  13:09  Extractor  
  200  13:11  Zerg Flyer Armor Level 1, Corruptor  
  200  13:27  Baneling x8  
  200  14:05  Overlord x2  
  200  14:10  Spire  
  151  14:33  Mutalisk x3  
  151  14:34  Mutalisk x20  
  187  14:40  Overlord x3  
  187  14:41  Overlord x2  
  179  14:52  Overseer x2  
  179  14:53  Spine Crawler x2, Spore Crawler  
  176  15:05  Zergling x24  
  176  15:06  Zergling x24  
  200  15:13  Zerg Flyer Armor Level 2  
  200  15:15  Overseer  
  200  15:24  Baneling  
  200  15:25  Baneling x24  
  200  15:26  Baneling x23  
  200  15:29  Zerg Flyer Weapons Level 1  
  186  16:06  Corruptor x3  
  186  16:07  Corruptor x6  
  192  16:39  Pathogen Glands  
  192  17:00  Zerg Missile Weapons Level 2  
  192  17:04  Brood Lord  
  192  17:05  Brood Lord x3  
  191  17:29  Ultralisk x3, Zergling x4  
  187  17:30  Ultralisk x3, Zergling x16  
  198  17:37  Overseer x5  
  192  17:49  Corruptor  
  192  17:50  Corruptor x5  
  198  17:57  Ultralisk, Zergling x4  
  200  18:08  Baneling x6  
  200  18:09  Baneling x9  
  197  18:19  Hatchery  
  196  18:28  Zerg Flyer Weapons Level 2, Zerg Flyer Armor Level 3  
  181  19:01  Corruptor x5  
  181  19:02  Corruptor  
  187  19:03  Corruptor  
  187  19:04  Overlord x3  
  187  19:07  Zergling x18  
  188  19:12  Corruptor x2  
  176  19:26  Corruptor  
  176  19:27  Corruptor x4  
  176  19:30  Zergling x2  
  176  19:31  Zergling x58  
  181  19:32  Zergling x24  
  196  19:46  Extractor  
  196  19:49  Corruptor  
  196  19:50  Extractor, Corruptor x3  
  196  19:56  Drone x2  
  196  19:57  Drone x2  
  200  20:06  Overseer x2  
  200  20:07  Overseer x2  
  200  20:08  Burrow  
  200  20:09  Overlord x2  
  194  20:41  Infestor x3  
  179  21:01  Corruptor x4  
  165  21:11  Brood Lord x3  
  171  21:15  Neural Parasite  
  172  21:26  Brood Lord  
  172  21:32  Infestor  
  174  21:39  Infestor  
  176  21:42  Infestor  
  178  21:48  Overseer  
  178  22:01  Extractor  
  178  22:04  Hatchery  
  178  22:05  Extractor  
  139  22:16  Zergling x2  
  139  22:17  Ultralisk x2, Zergling x16  
  139  22:18  Ultralisk, Zergling x16  
  139  22:19  Zergling x16  
  139  22:20  Zergling x2  
  172  22:25  Zergling x4  
  172  22:26  Zergling x16  
  172  22:27  Zergling x6  
  153  22:30  Zergling x2  
  153  22:31  Zergling x10  
  153  22:32  Zergling x2  
  153  22:33  Zergling x2  
  142  22:44  Zergling x8  
  142  22:45  Zergling x6  
  142  22:47  Zergling x2  
  142  22:50  Zergling x2  
  136  22:58  Baneling x10  
  136  22:59  Baneling  
  136  23:09  Zergling x10  
  134  23:25  Ultralisk, Zergling x6  
  134  23:26  Zergling x2  
  104  23:31  Zergling x6  
  72  23:56  Ultralisk x2, Zergling x4  
  83  24:07  Baneling x3  
  83  24:08  Baneling  
  83  24:12  Drone  
  83  24:13  Drone x3  
  83  24:15  Baneling  
  83  24:16  Baneling  
  85  24:18  Drone x3  
  85  24:19  Drone x3  
  91  24:26  Infestor x2  
  91  24:30  Infestor  
  97  24:33  Infestor  
  99  24:46  Corruptor x2  
  99  24:47  Corruptor  
  103  25:15  Drone x3  
  103  25:16  Drone x3  
  103  25:17  Drone x3  
  112  25:23  Brood Lord x3  
  118  25:33  Infestor  
  120  25:38  Hatchery  
  120  25:42  Overseer x2  
  119  25:48  Corruptor  
  121  25:56  Queen  
  123  26:06  Corruptor  
  123  26:11  Queen  
  125  26:12  Queen  
  125  26:15  Queen  
  125  26:16  Extractor, Queen  
  125  26:17  Spore Crawler  
  131  26:18  Spore Crawler  
  131  26:19  Spine Crawler, Infestor  
  131  26:20  Spore Crawler  
  131  26:21  Extractor  
  131  26:22  Queen  
  131  26:26  Spore Crawler  
  130  26:42  Corruptor  
  142  27:05  Zergling x6  
  142  27:06  Zergling x6  
Show
View Real Time Build Order
Export as new Build Order

Naffy Terran - Winner!

Build Orders: Hellion Opening, Reaper Expand, Mech 

Get SALT Encoding   

  12  0:00  SCV  
  13  0:12  SCV  
  14  0:17  Supply Depot  
  14  0:24  SCV  
  15  0:29  Refinery  
  15  0:39  SCV  
  16  0:44  Barracks  
  16  0:51  SCV  
  17  1:03  SCV  
  18  1:15  SCV  
  19  1:31  Reaper, Orbital Command  
  20  1:42  Command Center  
  20  1:51  Factory  
  20  1:56  SCV  
  21  2:03  Refinery  
  21  2:06  Barracks Reactor  
  21  2:08  SCV  
  21  2:13  Supply Depot  
  22  2:21  SCV  
  23  2:43  SCV  
  24  2:48  Starport  
  23  2:54  Barracks Tech Lab  
  23  2:56  Hellion x2  
  27  3:02  SCV  
  28  3:07  Supply Depot  
  28  3:10  Orbital Command  
  28  3:14  SCV  
  28  3:19  Hellion x2  
  33  3:28  SCV  
  33  3:30  Raven  
  36  3:37  SCV  
  36  3:40  SCV  
  38  3:43  Hellion x2  
  38  3:46  Supply Depot  
  42  3:49  SCV  
  42  3:52  SCV  
  42  3:54  Armory  
  44  4:00  Supply Depot  
  44  4:03  SCV  
  44  4:04  SCV  
  48  4:10  Hellion x2  
  48  4:16  Raven  
  52  4:18  SCV  
  52  4:19  SCV  
  54  4:30  SCV  
  54  4:31  SCV  
  56  4:36  Command Center, Marine  
  57  4:44  SCV x2  
  59  4:45  Refinery  
  59  4:46  Refinery  
  59  4:56  SCV x2  
  61  5:08  SCV  
  61  5:09  SCV  
  57  5:17  Banshee, Hellion x2  
  57  5:20  SCV  
  57  5:21  SCV  
  66  5:32  Factory x2, Barracks Tech Lab  
  66  5:33  SCV x2  
  66  5:45  SCV x2  
  69  5:51  Hellion x2, Orbital Command  
  72  5:57  SCV  
  72  5:58  Armory  
  72  5:59  SCV  
  72  6:01  Banshee, Cloaking Field  
  77  6:09  SCV  
  77  6:11  SCV  
  79  6:19  SCV  
  79  6:21  SCV  
  79  6:23  SCV  
  79  6:25  Supply Depot x2  
  80  6:30  Factory Tech Lab  
  80  6:31  Hellion, Orbital Command  
  80  6:32  Hellion  
  84  6:39  Supply Depot, Engineering Bay  
  84  6:40  Barracks Reactor  
  84  6:41  SCV  
  85  6:47  Terran Vehicle Weapons Level 1, Terran Vehicle And Ship Armor Level 1  
  85  6:48  Supply Depot  
  85  6:49  Banshee  
  85  6:52  Refinery, Thor  
  94  6:54  Infernal Pre-Igniter  
  94  6:59  Refinery  
  94  7:00  SCV x3  
  97  7:12  SCV x3  
  100  7:28  SCV x3  
  103  7:40  Supply Depot, Factory, SCV x2  
  103  7:41  Siege Tank x2, Factory, SCV  
  103  7:42  Supply Depot, Hellion x2, Starport Reactor  
  116  8:06  SCV x3  
  116  8:10  Hellbat x2  
  123  8:12  Supply Depot  
  123  8:13  Supply Depot, Siege Tank x2  
  123  8:15  Command Center  
  123  8:18  SCV  
  130  8:20  Command Center  
  130  8:25  Siege Tank  
  133  8:34  Hellbat x4  
  133  8:36  Supply Depot  
  133  8:38  Supply Depot  
  133  8:40  Viking x2  
  145  8:41  Terran Vehicle Weapons Level 2  
  145  8:42  Terran Vehicle And Ship Armor Level 2  
  145  8:45  Siege Tank  
  145  8:47  Missile Turret  
  148  8:49  Missile Turret  
  148  8:52  Missile Turret  
  148  8:57  Missile Turret  
  148  8:58  Hellbat x4  
  156  9:14  Siege Tank  
  162  9:17  Siege Tank  
  165  9:24  Supply Depot  
  165  9:25  Supply Depot  
  165  9:26  Hellbat x4  
  173  9:32  Siege Tank  
  171  9:54  Planetary Fortress, Refinery  
  171  9:57  Missile Turret x2, Sensor Tower  
  171  9:58  Refinery  
  171  9:59  Planetary Fortress, Missile Turret  
  171  10:13  Viking x2  
  171  10:14  Siege Tank, Thor  
  187  10:16  Hellbat x4  
  192  10:23  Factory Tech Lab  
  192  10:33  Command Center  
  184  10:35  SCV  
  184  10:36  SCV x4  
  184  10:37  Hellbat  
  184  10:39  Command Center  
  191  10:48  SCV x5  
  190  10:57  Siege Tank x2  
  190  10:58  Hellbat  
  190  10:59  Hellbat  
  200  11:13  Sensor Tower  
  200  11:22  Starport  
  200  11:24  Starport  
  200  11:25  Fusion Core, Starport  
  191  11:26  Starport  
  182  11:45  Terran Vehicle Weapons Level 3, Terran Vehicle And Ship Armor Level 3  
  182  11:46  Hi-Sec Auto Tracking  
  182  11:54  Siege Tank x2, Thor  
  186  12:06  Viking x2  
  196  12:08  Hellbat x3  
  196  12:09  Hellbat  
  196  12:11  Starport Tech Lab x3  
  198  12:17  Starport Tech Lab  
  182  12:26  Siege Tank x2  
  155  12:30  Hellbat x2  
  148  12:43  Building Armor  
  148  12:44  Siege Tank  
  148  12:45  Hellbat x2  
  148  12:50  Hyperflight Rotors  
  148  12:51  Hellbat x2, Banshee x3  
  162  12:58  Siege Tank, Thor  
  171  13:04  Planetary Fortress  
  171  13:07  Hellbat x2  
  175  13:26  Refinery  
  175  13:29  Viking, Banshee, Sensor Tower  
  175  13:30  Viking, Missile Turret x2, Refinery  
  175  13:32  Siege Tank x2  
  188  13:41  Command Center  
  188  13:46  Hellbat  
  188  13:47  Hellbat x3  
  188  13:48  Banshee  
  138  14:34  Siege Tank x2, Thor  
  138  14:35  Hellbat x2  
  138  14:36  Hellbat x2  
  154  14:46  Banshee x4  
  154  14:48  Viking x2  
  170  14:57  Hellbat x3  
  176  15:06  Siege Tank x2  
  182  15:08  Refinery  
  182  15:09  Refinery  
  182  15:10  Missile Turret  
  182  15:11  Missile Turret, Sensor Tower  
  182  15:14  Planetary Fortress  
  182  15:17  Thor  
  186  15:38  Thor x2  
  188  16:14  Battlecruiser x2  
  200  16:39  Battlecruiser  
  200  16:52  Command Center  
  200  16:57  Command Center  
  196  17:16  Missile Turret x4  
  196  17:17  Missile Turret x3  
  196  17:20  Missile Turret  
  153  17:37  Missile Turret  
  153  17:43  Missile Turret  
  134  17:46  Battlecruiser x2  
  134  17:47  Missile Turret x2  
  134  17:50  Missile Turret  
  134  17:53  Missile Turret  
  134  17:57  Missile Turret, Raven x2  
  134  17:58  Viking x2  
  136  18:01  Missile Turret  
  136  18:07  Missile Turret  
  136  18:13  Factory Tech Lab x2, Siege Tank  
  136  18:16  Hellbat x4  
  147  18:31  Viking x2  
  151  18:39  Raven x2  
  135  18:58  Siege Tank x2, Thor  
  135  19:00  Battlecruiser, Hellbat x4  
  148  19:21  Hellbat x2  
  151  19:28  Terran Ship Weapons Level 1  
  151  19:30  SCV  
  151  19:31  SCV x2  
  152  19:36  Siege Tank  
  152  19:37  Siege Tank  
  152  19:38  Hellbat x2  
  161  19:40  Raven x3  
  161  19:41  Thor  
  161  19:42  Hellbat x2  
  177  20:00  SCV x5  
  180  20:09  Planetary Fortress  
  180  20:12  SCV x3  
  182  20:14  Command Center  
  182  20:28  Raven x4  
  188  20:30  Viking x2  
  191  21:03  Viking  
  191  21:04  Viking  
  192  21:07  Refinery  
  192  21:11  Battlecruiser, SCV  
  198  21:12  SCV  
  200  21:25  Missile Turret  
  200  21:28  Weapon Refit  
  200  21:29  Corvid Reactor  
  200  21:42  Terran Ship Weapons Level 2  
  200  21:44  Drilling Claws  
  145  22:40  Siege Tank x2, Thor  
  145  22:41  Hellbat  
  145  22:42  Hellbat x3  
  149  23:02  Missile Turret, Refinery  
  149  23:03  Missile Turret, Hellbat x4  
  149  23:04  Raven x2  
  149  23:05  Raven x2, Refinery  
  165  23:06  Viking x2  
  165  23:07  Planetary Fortress  
  165  23:12  Siege Tank x2  
  175  23:23  Thor  
  175  23:24  Hellbat  
  175  23:25  Hellbat x2, Hellion  
  136  23:40  SCV x3  
  136  23:41  SCV x3  
  121  23:44  Siege Tank x2  
  121  23:45  Hellbat  
  121  23:46  Hellbat x2  
  118  23:52  SCV  
  116  24:04  Hellbat  
  116  24:06  Thor  
  116  24:07  Hellbat x3  
  116  24:08  SCV x5  
  135  24:15  Hellion  
  135  24:16  Siege Tank, Thor  
  144  24:20  SCV x5  
  149  24:25  Hellbat  
  149  24:30  Orbital Command  
  151  24:44  Battlecruiser  
  157  24:50  Battlecruiser  
  163  24:59  Refinery  
  161  25:25  Viking, Battlecruiser  
  161  25:26  Viking  
  171  25:47  Siege Tank x2  
  171  25:49  Hellbat x4  
  185  26:09  Orbital Command  
  185  26:10  Hellbat  
  185  26:11  Hellbat x3  
  193  26:19  Sensor Tower  
  193  26:22  Missile Turret  
  193  26:23  Missile Turret, Refinery x2  
  193  26:24  Missile Turret x2  
  193  26:26  Viking x2  
  193  26:31  Hellbat  
  199  26:41  Command Center  
Tags
 
Add a new tag
Caveats
  • Supply blocks, unpowered buildings, or Contaminate may cause inaccurate times.
  • Supply counts are checked every 10 seconds.